 Dungeon Crawl Stone Soup version 0.32-a0-543-gefe97123c3 (webtiles) character file.

Game seed: 17583536479602947938

4779 Pascal76 the Cleaver (level 10, -1/89 HPs)
             Began as a Minotaur Fighter on Feb 29, 2024.
             Was an Elder of Okawaru.
             Slain by Gastronok the rockslime (34 damage)
             ... on level 9 of the Dungeon.
             The game lasted 00:18:27 (8782 turns).

Pascal76 the Cleaver (Minotaur Fighter)             Turns: 8782, Time: 00:18:28

Health: -1/89      AC: 28    Str: 26    XL:     10   Next: 23%
Magic:  0/9        EV:  7    Int:  5    God:    Okawaru [****..]
Gold:   481        SH:  5    Dex:  9    Spells: 6/9 levels left

rFire   + . .        a - +1 war axe (protect)
rCold   x . .        c - +0 buckler
rNeg    . . .        h - +1 plate armour
rPois   .            (helmet restricted)
rElec   .            s - +2 cloak
rCorr   +            B - +0 pair of gloves
SInv    .            b - +1 pair of boots
Will    .....        m - amulet of guardian spirit Stlth
                     u - ring of resist corrosion
HPRegen 0.34/turn    p - ring of fire
MPRegen 0.11/turn

%: guardian spirit
@: under a protective aura
A: horns 2, retaliatory headbutt
a: Renounce Religion, Heroism, Finesse


You were on level 9 of the Dungeon.
You worshipped Okawaru.
Okawaru was greatly pleased with you.
You visited 2 branches of the dungeon, and saw 10 of its levels.
You also visited: Sewer.

You collected 526 gold pieces.
You spent 45 gold pieces at shops.

Inventory:

Hand Weapons
 a - a +1 war axe of protection (weapon)
Missiles
 i - 52 stones (quivered)
 D - 2 javelins
 E - 4 poisoned darts
Armour
 b - a +1 pair of boots (worn)
 c - a +0 buckler (worn)
 h - a +1 plate armour (worn)
 s - a +2 cloak (worn)
 A - an orb of guile
 B - a +0 pair of gloves (worn)
Jewellery
 m - an amulet of guardian spirit (around neck)
 p - a ring of fire (right hand)
 u - a ring of resist corrosion (left hand)
 H - a ring of wizardry
Wands
 r - a wand of polymorph (7)
 w - a wand of warping (9)
Scrolls
 j - 2 scrolls of revelation
 l - 4 scrolls of immolation
 v - 2 scrolls of teleportation
 y - 7 scrolls of fog
 C - a scroll of poison
 I - 3 scrolls of identify
Potions
 d - a potion of might
 e - a potion of attraction
 g - 4 potions of haste
 k - 3 potions of degeneration
 n - 4 potions of lignification
 o - a potion of invisibility
 q - 2 potions of brilliance
 t - a potion of mutation
 x - 3 potions of enlightenment
 z - a potion of magic
 F - a potion of resistance {unknown}


   Skills:
 + Level 8.3 Fighting
 * Level 10.8 Axes
 + Level 6.0 Throwing
 + Level 8.1 Armour
 + Level 8.2 Shields


You had 6 spell levels left.
You knew the following spells:

 Your Spells              Type           Power      Damage    Failure   Level
a - Summon Small Mammal   Summ           0%         N/A       100%        1
b - Sublimation of Blood  Necr           0%         N/A       100%        2

Your spell library contained the following spells:

 Spells                   Type           Power      Damage    Failure   Level
 Freeze                   Ice            0%         1d3       100%        1
 Sandblast                Erth           0%         2d4       100%        1
 Jinxbite                 Hex            0%         N/A       100%        2
 Frozen Ramparts          Ice            0%         1d1       100%        3
 Hailstorm                Conj/Ice       0%         3d5       100%        3
 Passwall                 Erth           0%         N/A       100%        3
 Stone Arrow              Conj/Erth      0%         3d7       100%        3
 Brom's Barrelling Bould  Conj/Erth      0%         2d3       100%        4
 Dimensional Bullseye     Hex/Tloc       0%         N/A       100%        4
 Iskenderun's Mystic Bla  Conj/Tloc      0%         2d3       100%        4
 Petrify                  Alch/Erth      0%         N/A       100%        4
 Irradiate                Conj/Alch      0%         3d11      100%        5
 Yara's Violent Unravell  Hex/Alch       0%         3d3       100%        5
 Enfeeble                 Hex            0%         N/A       100%        7
 Call Canine Familiar     Summ           Unusable   N/A       N/A         3
 Tukima's Dance           Hex            Unusable   N/A       N/A         3
 Summon Blazeheart Golem  Fire/Summ      Unusable   N/A       N/A         4

Dungeon Overview and Level Annotations

Branches:
Dungeon (9/15)             Temple (1/1) D:4           Sewer (visited)
   Lair: D:8-11         Orc: D:9-12

Altars:
Ashenzari
Cheibriados
Dithmenos
Elyvilon
Fedhas
Gozag
Hepliaklqana
Kikubaaqudgha
Makhleb
Nemelex Xobeh
Okawaru
Qazlal
Ru
Sif Muna
Trog
Uskayaw
Vehumet
Wu Jian
Xom
Yredelemnul
Zin
The Shining One

Shops:
D:6 (=[   D:8 (

Annotations:
D:6 3 runed translucent doors, GordonOverkill's ghost, weakling CoDe; anet's ghost, novice GrCj; temujin's ghost, novice GnHu
D:9 Gastronok


Innate Abilities, Weirdness & Mutations

You have a pair of horns on your head.
You reflexively headbutt those who attack you in melee.


Message History

Gastronok is moderately wounded.
You hit the quokka.
You kill the quokka!
The quokka's corpse disappears in a puff of smoke!
Gastronok hits you!
You hold your ground!
You hit Gastronok but do no damage.
Gastronok is moderately wounded.
Gastronok hits you but does no damage. You block Gastronok's attack.
You hit Gastronok but do no damage.
You headbutt Gastronok, but do no damage.
Gastronok is moderately wounded.
Gastronok jiggles.
Gastronok hits you but does no damage.
You barely miss Gastronok.
You headbutt Gastronok, but do no damage.
Gastronok is moderately wounded.
Gastronok hits you.
You hold your ground!
You hit Gastronok but do no damage.
You headbutt Gastronok, but do no damage.
Gastronok is lightly wounded.
Gastronok hits you.
You hold your ground!
You hit Gastronok. You headbutt Gastronok!
Gastronok is heavily wounded.
Gastronok hits you but does no damage.
You hit Gastronok but do no damage. You headbutt Gastronok!
Gastronok is severely wounded.
Gastronok hits you but does no damage.
You barely miss Gastronok.
You headbutt Gastronok, but do no damage.
Gastronok is severely wounded.
Gastronok hits you!
* * * LOW HITPOINT WARNING * * *
You hold your ground!
You hit Gastronok but do no damage.
Gastronok is severely wounded.
You block Gastronok's attack. Gastronok hits you!
* * * LOW HITPOINT WARNING * * *
You hold your ground!
It was a potion of heal wounds.
You feel much better. Gastronok hits you!!
You die...

.. .. . ###..##.
#.#...... # #.#.#..#
[. #.#.#..#.#
####.##
##.#.....###.......
###
#..#...##.#@J[...#
...
#......##.####..#
#.###........####.[#
#.#.)............$#
#..##.#.##.####.##
#..##.#.##.# ####
#..##.#.##[. ..#
#).##.#.##... ...
#.####..#....######
#.#


You could see Gastronok the rockslime.

Vanquished Creatures
  A two-headed ogre (D:8)
  5 yaks (D:6)
  A steam dragon (D:7)
  A water moccasin (D:5)
  An orc warrior (D:9)
  3 ogres
  A black bear (D:7)
  2 ice beasts
  4 centaurs
  2 bullfrogs (D:9)
  3 scorpions
  9 wights
  5 howler monkeys
  A gnoll bouda (D:8)
  8 orc priests
  5 hounds
  A jelly (D:8)
  Crazy Yiuf (D:2)
  Ijyb (D:5)
  4 iguanas
  3 sleepcaps
  5 orc wizards
  Robin (D:2)
  10 gnolls
  9 adders
  8 river rats
  2 shadow imps (D:7)
  2 white imps (D:6)
  6 ufetubi
  A ribbon worm (D:3)
  7 dart slugs
  32 orcs
  9 endoplasms
  6 giant cockroaches
  16 goblins
  10 hobgoblins
  13 jackals
  9 kobolds
  6 quokkas
  11 ball pythons
  17 bats
  10 frilled lizards
  6 rats
258 creatures vanquished.

Vanquished Creatures (others)
  An orc wizard (D:8)
1 creature vanquished.

Grand Total: 259 creatures vanquished

Notes
Turn   | Place    | Note
-------+----------+-------------------------------------------
     0 | D:1      | Pascal76 the Minotaur Fighter began the quest for the Orb.
     0 | D:1      | Reached XP level 1. HP: 19/19 MP: 0/0
   204 | D:1      | Reached XP level 2. HP: 27/27 MP: 1/1
   328 | D:1      | Reached skill level 3 in Axes
   562 | D:1      | Reached XP level 3. HP: 33/33 MP: 2/2
  1296 | D:2      | Reached skill level 1 in Throwing
  1296 | D:2      | Reached XP level 4. HP: 40/40 MP: 3/3
  1323 | D:2      | Noticed Robin
  1352 | D:2      | Killed Robin
  1452 | D:2      | Learned a level 1 spell: Summon Small Mammal
  1523 | D:2      | Found a runed translucent door.
  1524 | D:2      | Noticed Crazy Yiuf
  1582 | D:2      | Learned a level 2 spell: Sublimation of Blood
  1623 | D:2      | Reached skill level 4 in Axes
  1869 | D:2      | Killed Crazy Yiuf
  1870 | D:2      | Reached XP level 5. HP: 17/47 MP: 4/4
  2449 | D:3      | Found a faded altar of an unknown god.
  2598 | D:3      | Found a glowing drain.
  2606 | Sewer    | Entered a sewer
  2891 | Sewer    | Reached XP level 6. HP: 53/53 MP: 5/5
  3641 | D:4      | Reached skill level 5 in Axes
  3710 | D:4      | Reached skill level 5 in Fighting
  3721 | D:4      | Reached skill level 5 in Armour
  3721 | D:4      | Reached skill level 5 in Shields
  3828 | D:4      | Reached XP level 7. HP: 58/61 MP: 6/6
  3903 | D:4      | Reached skill level 6 in Axes
  4063 | D:4      | Found a staircase to the Ecumenical Temple.
  4146 | Temple   | Entered the Ecumenical Temple
  4155 | Temple   | Became a worshipper of Warmaster Okawaru
  4399 | D:5      | Entered Level 5 of the Dungeon
  4762 | D:5      | Reached XP level 8. HP: 63/70 MP: 7/7
  4814 | D:5      | Reached * piety under Okawaru
  4847 | D:5      | Noticed Ijyb
  4853 | D:5      | Reached skill level 7 in Axes
  4866 | D:5      | Killed Ijyb
  5510 | D:6      | Found Forph's Jewellery Boutique.
  5520 | D:6      | Found a runed translucent gate.
  5520 | D:6      | Found a runed translucent gate.
  5520 | D:6      | Found a runed translucent gate.
  5522 | D:6      | Noticed GordonOverkill's ghost (weakling CoDe)
  5522 | D:6      | Noticed temujin's ghost (novice GnHu)
  5522 | D:6      | Noticed anet's ghost (novice GrCj)
  5881 | D:6      | Found an ornate altar of the Wu Jian Council.
  5889 | D:6      | Found Upuy's Armour Emporium.
  5920 | D:6      | Reached skill level 8 in Axes
  5926 | D:6      | Reached ** piety under Okawaru
  5935 | D:6      | Reached XP level 9. HP: 54/78 MP: 4/8
  6127 | D:6      | Bought a +0 pair of gloves for 45 gold pieces
  6141 | D:6      | Found Geubyv's Antique Weapon Emporium.
  6245 | D:6      | Found a shimmering blue altar of Sif Muna.
  6636 | D:7      | Reached skill level 9 in Axes
  6855 | D:7      | Reached skill level 5 in Throwing
  6885 | D:7      | Reached *** piety under Okawaru
  7119 | D:7      | Found a glowing golden altar of the Shining One.
  7311 | D:7      | Found a sacrificial altar of Ru.
  7526 | D:8      | Reached skill level 10 in Axes
  7651 | D:8      | Noticed a two-headed ogre
  7658 | D:8      | Killed a two-headed ogre
  7659 | D:8      | Reached XP level 10. HP: 47/88 MP: 4/9
  8422 | D:8      | Found Vuihalori's Antique Weapon Emporium.
  8575 | D:9      | Reached **** piety under Okawaru
  8764 | D:9      | Noticed Gastronok
  8767 | D:9      | Gastronok changed into Gastronok the rockslime
  8767 | D:9      | Noticed Gastronok
  8782 | D:9      | Slain by Gastronok the rockslime

Illustrated notes

Levels and vault maps discovered:
D:1:      dpeg_arrival_prison, layout_loops_corners, minmay_liquid_box,
          minmay_tall_x
D:2:      minmay_angry_zag, layout_rooms, uniq_robin, uniq_crazy_yiuf_cottage
D:3:      layout_loops_ring, basic_ecumenical_altar, lightli_sewer_entry_pipes
D:4:      layout_rooms, minmay_temple_entry_proselytizer
D:5:      layout_loops_ring, uniq_ijyb
D:6:      layout_cave_pools, amcnicky_altar_gilded,
          mainiacjoe_overflow_alcove_1, gammafunk_ghost_cemetery, serial_shops,
          shop, shop, nicolae_shop_hallway_plus
D:7:      layout_loops_cross, general_overflow_altar, lemuel_tele_altar
D:8:      layout_loops_corners, serial_shops, shop
D:9:      layout_loops_ring, minivault_24, uniq_prince_ribbit1, uniq_gastronok
Temple:   dpeg_three_leaves_temple

Skill      XL: |  1  2  3  4  5  6  7  8  9 10 |
---------------+-------------------------------+-----
Axes           | 3 4 5 6 8 10 | 10.8
Armour         | 4 5 6 7 8 |  8.1
Fighting       | 4 5 6 8 |  8.3
Shields        | 4 5 6 7 8 |  8.2
Throwing       | 1 2 3 4 5 6 |  6.0

Action                     |  1- 3 |  4- 6 |  7- 9 | 10-12 || total
---------------------------+-------+-------+-------+-------++-------
  Melee: War axe           |    90 |   199 |   261 |    75 ||   625
         Headbutt          |     8 |    17 |    49 |    22 ||    96
  Throw: Stone             |     4 |       |    18 |     9 ||    31
  Evoke: Wand              |       |       |       |     1 ||     1
    Use: Potion            |       |     1 |     2 |     1 ||     4
         Scroll            |       |    15 |     6 |     3 ||    24
 Armour: Scale mail        |    82 |   250 |    21 |       ||   353
         Plate armour      |       |       |   345 |    67 ||   412
  Dodge: Dodged            |    49 |   156 |   154 |    13 ||   372
  Block: Buckler           |    28 |    74 |    98 |    19 ||   219

Table legend: (Time is in decaauts)
 A = Elapsed time spent in this place.
 B = Non-inter-level travel time spent in this place.
 C = Inter-level travel time spent in this place.
 D = Time resting spent in this place.
 E = Time spent auto-exploring this place.
 F = Levels seen in this place.
 G = Mean time per level.
                   A        B        C        D        E       F      G
               +--------+--------+--------+--------+--------+-----+--------+
         Total |   9184 |   9006 |    178 |    778 |   5102 |  11 |  834.9 |
       Dungeon |   8289 |   8111 |    178 |    778 |   4673 |   9 |  921.0 |
        Temple |     18 |     18 |      0 |      0 |      0 |   1 |   18.0 |
         Sewer |    875 |    875 |      0 |      0 |    428 |   1 |  875.0 |
               +--------+--------+--------+--------+--------+-----+--------+

Top non-repeatable levels by time:
     D:6: 1181 daAuts
     D:1: 1146 daAuts
     D:8: 1120 daAuts
     D:5: 1064 daAuts
     D:3: 1016 daAuts
     D:2: 943 daAuts
   Sewer: 875 daAuts
     D:7: 811 daAuts
     D:4: 778 daAuts
     D:9: 226 daAuts
  Temple: 18 daAuts
